 Dungeon Crawl Stone Soup version 0.23-a0-808-gd21de94 (webtiles) character file.

115 tidbits the Vexing (level 5, 19/40 HPs)
             Began as a Gnoll Wanderer on Jan 20, 2019.
             Quit the game on level 4 of the Dungeon.
             The game lasted 00:14:14 (1062 turns).

tidbits the Vexing (Gnoll Wanderer)                 Turns: 1062, Time: 00:14:14

Health: 19/40      AC:  5    Str: 13 (15) XL:     5   Next: 0%
Magic:  7/7        EV: 13    Int: 11 (14) God:
Gold:   63         SH:  0    Dex: 12 (15) Spells: 2/6 levels left

rFire    . . .     SeeInvis .   b - +0 short sword
rCold    . . .     Gourm    .   (no shield)
rNeg     . . .     Faith    .   B - +0 robe
rPois    .         Spirit   .   E - +0 helmet
rElec    .         Reflect  .   C - +1 cloak
rCorr    .         Harm     .   (no gloves)
MR       .....                  (no boots)
Stlth    ++........             (no amulet)
HPRegen  0.13/turn              (no ring)
MPRegen  0.10/turn              (no ring)

@: no status effects
A: distributed training, fangs 1, strong nose
a: no special abilities


You were on level 4 of the Dungeon.
You were not hungry.

You visited 1 branch of the dungeon, and saw 6 of its levels.

You collected 63 gold pieces.

Inventory:

Hand Weapons
 a - a +0 dagger
 b - a +0 short sword (weapon)
 c - a +0 arbalest
 f - a +1 vampiric whip
   (You found it on level 2 of the Dungeon)
Missiles
 i - 43 bolts
Armour
 B - a +0 robe (worn)
 C - a +1 cloak (worn)
 E - a +0 helmet (worn)
Scrolls
 d - a scroll of teleportation {unknown}
 e - a scroll of blinking {unknown}
 r - 2 scrolls of remove curse
Comestibles
 j - 3 rations


   Skills:
 + Level 2.8 Fighting
 + Level 1.2 Short Blades
 + Level 2.8 Long Blades
 + Level 1.2 Axes
 + Level 1.2 Maces & Flails
 + Level 1.2 Polearms
 + Level 1.2 Staves
 + Level 1.2 Slings
 + Level 1.2 Bows
 + Level 1.2 Crossbows
 + Level 1.2 Throwing
 + Level 1.2 Armour
 + Level 2.8 Dodging
 + Level 2.6 Stealth
 + Level 1.2 Shields
 + Level 1.2 Unarmed Combat
 + Level 1.2 Spellcasting
 + Level 1.0 Conjurations
 + Level 5.5 Hexes
 + Level 1.0 Charms
 + Level 1.0 Summonings
 + Level 1.0 Necromancy
 + Level 3.9 Translocations
 + Level 1.0 Transmutations
 + Level 1.0 Fire Magic
 + Level 1.0 Ice Magic
 + Level 1.0 Air Magic
 + Level 1.0 Earth Magic
 + Level 1.0 Poison Magic
 + Level 1.4 Invocations
 + Level 2.8 Evocations


You had 2 spell levels left.
You knew the following spells:

 Your Spells              Type           Power        Failure   Level  Hunger
b - Blink                 Tloc           N/A          10%         2    ###....
g - Shroud of Golubria    Chrm/Tloc      #.........   17%         2    ###....

Your spell library contained the following spells:

 Spells                   Type           Power        Failure   Level  Hunger
 Passwall                 Tmut/Erth      #.......     30%         2    ###....
 Sticks to Snakes         Tmut           #.......     30%         2    ###....
 Gell's Gravitas          Tloc           #.........   19%         3    ####...
 Lesser Beckoning         Tloc           #.........   19%         3    ####...
 Teleport Other           Tloc           #.......     19%         3    ####...
 Passage of Golubria      Tloc           N/A          54%         4    #####..


Dungeon Overview and Level Annotations

Branches:
Dungeon (6/15)
 Temple: D:4-7

Altars:
The Shining One

Annotations:
D:4 exclusion: orc priest
D:6 exclusion: centaur


Innate Abilities, Weirdness & Mutations

Your experience applies equally to all skills.
You have very sharp teeth.
Your uncanny sense of smell can sniff out nearby items.


Message History

Your shroud falls apart!
You aren't carrying any potions.
As you read the scroll labeled HOCURU ISUDEW, it crumbles to dust.
The scroll dissolves into smoke.
It was a scroll of fog.
The worker ant barely misses you.
As you read the scroll labeled IJYOGH HIODU, it crumbles to dust.
You feel aware of your surroundings.
You sensed 2 altars, and 2 shops/portals.
It was a scroll of magic mapping.
The worker ant bites you.
* * * LOW HITPOINT WARNING * * *
As you read the scroll labeled TIFEAT YMAPHANG, it crumbles to dust.
You assume a fearsome visage.
The worker ant looks frightened!
It was a scroll of fear.
Unknown command.
You see here a scroll labeled NYUMAT SEESHIU.
d - a scroll labeled NYUMAT SEESHIU
Found 11 gold pieces.
There is a stone staircase leading up here.
You climb upwards.
Level annotation: exclusion: orc priest 2 orcs, an orc priest and an orc wizard come into view.
An orc is wielding a +0 flail of holy wrath.
The orc priest shouts!
You hear a shout!
An orc priest comes into view. It is wielding a +0 dagger.
The orc priest moves out of view.
The orc moves out of view.
Found a scroll labeled QOFRAI VAFREC and a scroll of magic mapping.
Found a stone staircase leading up.
There is a stone staircase leading down here.
Unknown command.
Okay, then.
Unknown command.
You aren't carrying any potions.
Unknown command.
Unknown command.
You climb downwards.
You hear the hiss of flowing sand.
There is an entrance to an ossuary on this level.
Hurry and find it before the portal is buried!
You hear the slow hiss of a distant avalanche of sand.
There is a stone staircase leading up here.
Unknown command.
An orc comes into view.
You are feeling very hungry.
Your magical contamination has completely faded away.
Unknown command.
You open the door.
Found 23 stones.
There is an open door here.
Unknown command.
Okay, then.
Okay, then.
You close the door.
You eat one of the 4 rations.
That ration really hit the spot!
A gnoll comes into view. It is wielding a +0 spear.
There is a stone staircase leading up here.
You climb upwards.
Level annotation: exclusion: orc priest The leopard gecko hisses angrily.
There is a stone staircase leading down here.
Unknown command.
Casting: Shroud of Golubria (safe; 17% risk of failure)
Confirm with . or Enter, or press ? or * to list all spells.
Space distorts slightly along a thin shroud covering your body.
Unknown command.
You hit the leopard gecko but do no damage.
The leopard gecko bites you but does no damage.
You hit the leopard gecko but do no damage.
The leopard gecko barely misses you.
You closely miss the leopard gecko.
Your shroud begins to fray at the edges.
Your shroud bends the leopard gecko's attack away.
The leopard gecko misses you.
You barely miss the leopard gecko. The leopard gecko closely misses you.
You barely miss the leopard gecko.
The leopard gecko bites you but does no damage.
You hit the leopard gecko.
You kill the leopard gecko!
You have reached level 5!
Memorise Blink, consuming 2 spell levels and leaving 2?
You start memorising the spell.
You continue memorising. x2
Your shroud unravels.
You finish memorising.
Spell assigned to 'b'.
Found a leather armour.
Unknown command.
Found 14 gold pieces.
Unknown command.
An orc comes into view. It is wielding a +0 hand axe.
Unknown command.
A jackal comes into view.
The jackal moves out of view.
Found a dagger.
Unknown command.
Found 11 gold pieces.
A phantom comes into view.
The phantom blinks!
Found a ration.
Okay, then.
Unknown command.
Okay, then.
Unknown command.
Are you sure you want to abandon this character and quit the game? (Confirm with "yes".)

#...........o...........
#...........#...........
#......................
#..............#.....##
#.......#..#...#..####
#.....o#.#..#..##
#.....##....#.....
##..######.#.......
##W@# #.#).####.
#%.ยง..$.# #....##
##.#..### #.....# # ####
#...### #####


You could see a phantom.

Vanquished Creatures
  A hound (D:4)
  4 adders (D:2)
  An ooze (D:5)
  2 dart slugs (D:1)
  2 worms
  2 leopard geckos
  An orc (D:2)
  2 giant cockroaches (D:1)
  3 goblins (D:2)
  5 hobgoblins
  A jackal (D:4)
  5 kobolds
  A ball python (D:2)
  5 bats
  A frilled lizard (D:1)
  A quokka skeleton (D:4)
  A rat (D:1)
38 creatures vanquished.

Notes
Turn   | Place    | Note
-------+----------+-------------------------------------------
     0 | D:1      | tidbits the Gnoll Wanderer began the quest for the Orb.
     0 | D:1      | tidbits set off with the following items: a potion of
                  | curing, a +0 robe, a +0 dagger, a ration; and the following
                  | spells available to memorise: Blink, Shroud of Golubria,
                  | Gell's Gravitas, Lesser Beckoning, Teleport Other,
                  | Passwall, Sticks to Snakes, Passage of Golubria
     0 | D:1      | Reached XP level 1. HP: 17/17 MP: 2/2
   154 | D:1      | Reached XP level 2. HP: 13/23 MP: 3/3
   224 | D:2      | HP: 2/23 [ball python (1)]
   380 | D:2      | Reached XP level 3. HP: 20/28 MP: 4/4
   384 | D:2      | Learned a level 2 spell: Shroud of Golubria
   450 | D:2      | Reached skill level 1 in Invocations
   464 | D:2      | Found a glowing golden altar of the Shining One.
   540 | D:2      | Reached skill level 1 in Short Blades
   540 | D:2      | Reached skill level 1 in Axes
   540 | D:2      | Reached skill level 1 in Maces & Flails
   540 | D:2      | Reached skill level 1 in Polearms
   540 | D:2      | Reached skill level 1 in Staves
   540 | D:2      | Reached skill level 1 in Slings
   540 | D:2      | Reached skill level 1 in Bows
   540 | D:2      | Reached skill level 1 in Crossbows
   540 | D:2      | Reached skill level 1 in Throwing
   540 | D:2      | Reached skill level 1 in Armour
   540 | D:2      | Reached skill level 1 in Shields
   540 | D:2      | Reached skill level 1 in Unarmed Combat
   540 | D:2      | Reached skill level 1 in Spellcasting
   669 | D:2      | Reached XP level 4. HP: 31/34 MP: 4/6
   831 | D:4      | Reached skill level 1 in Conjurations
   831 | D:4      | Reached skill level 1 in Charms
   831 | D:4      | Reached skill level 1 in Summonings
   831 | D:4      | Reached skill level 1 in Necromancy
   831 | D:4      | Reached skill level 1 in Transmutations
   831 | D:4      | Reached skill level 1 in Fire Magic
   831 | D:4      | Reached skill level 1 in Ice Magic
   831 | D:4      | Reached skill level 1 in Air Magic
   831 | D:4      | Reached skill level 1 in Earth Magic
   831 | D:4      | Reached skill level 1 in Poison Magic
   860 | D:5      | Entered Level 5 of the Dungeon
   880 | D:6      | Noticed a centaur
  1026 | D:4      | Reached XP level 5. HP: 14/40 MP: 4/7
  1030 | D:4      | Learned a level 2 spell: Blink
  1061 | D:4      | Noticed a phantom
  1062 | D:4      | Quit the game

Vault maps used:
D:1:      minmay_arrival_stone_box, grunt_decor_fettered, grunt_decor_one_mirror
D:2:      lemuel_tele_altar
D:3:      grunt_dithmenos_smoke_and_mirrors, first_ration,
          lightli_sewer_entry_pipes, st_stairs_8
D:4:      uniq_pikel
D:5:      bloody_makhleb, chequers_ossuary_entry_cave, supply_closet_lemuel,
          fedhas_altar_3
D:6:      corexii_shantytown, kennysheep_mini_moat,
          nicolae_overflow_crystal_walls, corexii_corridor_pit, uniq_edmund

Skill      XL: |  1  2  3  4 |
---------------+-------------+-----
Invocations    | 1 |  1.4
Short Blades   | 1 |  1.2
Axes           | 1 |  1.2
Maces & Flails | 1 |  1.2
Polearms       | 1 |  1.2
Staves         | 1 |  1.2
Slings         | 1 |  1.2
Bows           | 1 |  1.2
Crossbows      | 1 |  1.2
Throwing       | 1 |  1.2
Armour         | 1 |  1.2
Shields        | 1 |  1.2
Unarmed Combat | 1 |  1.2
Spellcasting   | 1 |  1.2
Conjurations   | 1 |  1.0
Charms         | 1 |  1.0
Summonings     | 1 |  1.0
Necromancy     | 1 |  1.0
Transmutations | 1 |  1.0
Fire Magic     | 1 |  1.0
Ice Magic      | 1 |  1.0
Air Magic      | 1 |  1.0
Earth Magic    | 1 |  1.0
Poison Magic   | 1 |  1.0
Fighting       | |  2.8
Long Blades    | |  2.8
Dodging        | |  2.8
Stealth        | |  2.6
Hexes          | |  5.5
Translocations | |  3.9
Evocations     | |  2.8

Action                   |  1- 3 |  4- 6 || total
-------------------------+-------+-------++-------
Melee: Short sword       |    92 |    53 ||   145
       Dagger            |     5 |     3 ||     8
       Bite              |    11 |     4 ||    15
       Unarmed           |     4 |       ||     4
 Fire: Arbalest          |     3 |     9 ||    12
Throw: Stone             |     1 |       ||     1
 Cast: Shroud of Golubri |     4 |    10 ||    14
  Use: Potion            |     3 |     1 ||     4
       Scroll            |       |     5 ||     5
 Stab: Sleeping          |     2 |     2 ||     4
  Eat: Ration            |       |     1 ||     1
       Chunk             |       |     1 ||     1
Armor: Robe              |    17 |    12 ||    29
       Skin              |     4 |       ||     4
Dodge: Dodged            |    62 |    47 ||   109

Table legend:
 A = Non-vault XP
 B = Vault XP
 C = Vault XP percentage of total XP
 D = Non-vault monster count
 E = Vault monster count
 F = Vault count percentage of total count
                 A         B        C        D         E       F
            +---------+---------+-------+---------+---------+-------
      Total |     165 |       0 |   0.0 |      38 |       0 |   0.0
            +---------+---------+-------+---------+---------+-------
        D:1 |      29 |       0 |   0.0 |      14 |       0 |   0.0
        D:2 |      69 |       0 |   0.0 |      15 |       0 |   0.0
        D:3 |       4 |       0 |   0.0 |       2 |       0 |   0.0
        D:4 |      52 |       0 |   0.0 |       5 |       0 |   0.0
        D:5 |      11 |       0 |   0.0 |       2 |       0 |   0.0
            +---------+---------+-------+---------+---------+-------

Table legend:
 A = Turns spent in this place as a percentage of turns spent in the entire game.
 B = Non-inter-level travel turns spent in this place as a percentage of non-inter-level travel turns spent in the entire game.
 C = Inter-level travel turns spent in this place as a percentage of turns spent in this place.
 D = Turns resting spent in this place as a percentage of non-inter-level travel turns spent in this place.
 E = Turns spent auto-exploring this place as a percentage of non-inter-level travel turns spent in this place.
 F = Non-inter-level travel turns spent in this place divided by the number of levels of this place that you've seen.
                   A       B       C       D       E      F
               +-------+-------+-------+-------+-------+----------------------
         Total | 100.0 | 100.0 |   0.0 |   0.0 |   0.0 | 177.0
       Dungeon | 100.0 | 100.0 |   0.0 |   0.0 |   0.0 | 177.0
               +-------+-------+-------+-------+-------+----------------------

Table legend:
 A = Kills in this place as a percentage of kills in entire the game.
 B = Kills by you in this place as a percentage of kills by you in the entire game.
 C = Kills by friends in this place as a percentage of kills by friends in the entire game.
 D = Other kills in this place as a percentage of other kills in the entire game.
 E = Experience gained in this place as a percentage of experience gained in the entire game.
 F = Experience gained in this place divided by the number of levels of this place that you have seen.
                   A       B       C       D       E      F
               +-------+-------+-------+-------+-------+----------------------
         Total | 100.0 | 100.0 |   N/A |   N/A | 100.0 |  27.5
       Dungeon | 100.0 | 100.0 |   N/A |   N/A | 100.0 |  27.5
               +-------+-------+-------+-------+-------+----------------------

Vault maps used:
D:1:      minmay_arrival_stone_box, grunt_decor_fettered, grunt_decor_one_mirror
D:2:      lemuel_tele_altar
D:3:      grunt_dithmenos_smoke_and_mirrors, first_ration,
          lightli_sewer_entry_pipes, st_stairs_8
D:4:      uniq_pikel
D:5:      bloody_makhleb, chequers_ossuary_entry_cave, supply_closet_lemuel,
          fedhas_altar_3
D:6:      corexii_shantytown, kennysheep_mini_moat,
          nicolae_overflow_crystal_walls, corexii_corridor_pit, uniq_edmund
